 Dungeon Crawl Stone Soup version 0.22-a0-422-g9628fc8 (webtiles) character file.

382 Jynxie the Chopper (level 6, 0/57 HPs)
             Began as a Hill Orc Gladiator on May 19, 2018.
             Splashed by a jelly's acid (10 damage)
             ... on level 2 of the Dungeon.
             The game lasted 00:07:45 (3919 turns).

Jynxie the Chopper (Hill Orc Gladiator)             Turns: 3919, Time: 00:07:46

Health: 0/57       AC:  3    Str: 19    XL:     6   Next: 76%
Magic:  6/6        EV: 12    Int:  8    God:
Gold:   179        SH:  0    Dex: 12    Spells: 5/5 levels left

rFire    . . .     SeeInvis .   a - +0 war axe
rCold    . . .     Gourm    .   (no shield)
rNeg     . . .     Faith    .   b - +0 leather armour
rPois    .         Spirit   .   c - +0 helmet
rElec    .         Reflect  .   (no cloak)
rCorr    .         Harm     .   (no gloves)
MR       .....                  (no boots)
Stlth    +.........             (no amulet)
HPRegen  0.19/turn              i - +3 ring of protection
MPRegen  0.10/turn              (no ring)

@: corroded
A: no striking features
a: no special abilities


You were on level 2 of the Dungeon.
You were not hungry.

You visited 1 branch of the dungeon, and saw 3 of its levels.

You collected 179 gold pieces.

Inventory:

Hand Weapons
 a - a +0 war axe (weapon)
Missiles
 d - 3 throwing nets (quivered)
Armour
 b - a +0 leather armour (worn)
 c - a +0 helmet (worn)
 h - a +0 chain mail
Jewellery
 i - a +3 ring of protection (left hand)
Wands
 m - a wand of polymorph (16)
Scrolls
 g - a scroll of random uselessness {unknown}
 j - a scroll of fear {unknown}
 k - a scroll of enchant weapon {unknown}
 o - a scroll of amnesia {unknown}
 p - a scroll of identify {unknown}
 q - 2 scrolls of remove curse
 s - a scroll of blinking {unknown}
 t - a scroll of magic mapping {unknown}
Potions
 l - a potion of lignification {unknown}
 n - a potion of agility {unknown}
 v - a potion of might {unknown}
Comestibles
 f - 4 rations


   Skills:
 * Level 6.0 Fighting
 * Level 7.3 Axes
 - Level 2.0 Throwing
 - Level 2.5 Dodging


You had 5 spell levels left.
You didn't know any spells.
Your spell library was empty.

Dungeon Overview and Level Annotations

Branches:
Dungeon (3/15)

Altars:


Message History

You see here a poisoned needle.
The jelly hits you.
* * * LOW HITPOINT WARNING * * *
You are splashed with acid!
The acid burns!
* * * LOW HITPOINT WARNING * * *
You are no longer corroded.
The jelly closely misses you.
There is a stone staircase leading up here.
You can't go down here!
The jelly closely misses you.
You climb upwards.
There is a stone staircase leading down here.
You are too injured to fight recklessly!
You hit the jelly. The acid corrodes you!
Your hands burn!
* * * LOW HITPOINT WARNING * * *
The jelly is moderately wounded.
The jelly hits you.
* * * LOW HITPOINT WARNING * * *
The acid corrodes you!
You are splashed with acid!
The acid burns!
You die...

.....>.#####...#.##.# #.#
##.....#.......#.<#.# #.#
.....÷.#.###...#.##.##########.##
.#####.#.###+#..................#
.#####.#.#.....#.###.############
.....#.#.#.....#.# #.#
.##....#.#.......# #.#
.##....#.#..<.#..# #.#
.#+....#....###J@# #.#
.##....####.# ##.###.# .#..<..#
#.# #.....# .##....# #.##########
....÷.)# #..)......# ####'#.#
#########.# .....#.# #.# ######.#
#.# ######.# #.#


You could see a jelly.

Vanquished Creatures
  The ghost of Kairos the Shield-Bearer, an amateur VSFi (D:3)
  A jelly (D:2)
  2 orc wizards (D:3)
  Terence (D:2)
  5 adders
  7 oozes
  3 worms
  3 dart slugs
  3 leopard geckos
  An orc (D:3)
  A ball python (D:1)
  3 giant cockroaches
  7 goblins
  10 hobgoblins
  10 kobolds
  A quokka (D:3)
  7 bats
  2 frilled lizards (D:1)
  10 rats
78 creatures vanquished.

Vanquished Creatures (others)
  A fungus (D:3)
  8 toadstools (D:3)
9 creatures vanquished.

Grand Total: 87 creatures vanquished

Notes
Turn   | Place    | Note
-------+----------+-------------------------------------------
     0 | D:1      | Jynxie the Hill Orc Gladiator began the quest for the Orb.
     0 | D:1      | Reached XP level 1. HP: 18/18 MP: 1/1
   113 | D:1      | Reached XP level 2. HP: 23/25 MP: 2/2
   705 | D:1      | Reached XP level 3. HP: 30/31 MP: 3/3
  1010 | D:2      | Reached skill level 5 in Axes
  1178 | D:2      | Reached XP level 4. HP: 7/40 MP: 4/4
  1695 | D:2      | Reached XP level 5. HP: 42/47 MP: 5/5
  1887 | D:2      | Noticed Terence
  1895 | D:2      | Killed Terence
  1895 | D:2      | Reached skill level 6 in Axes
  2139 | D:3      | Noticed Kairos's ghost (amateur VSFi)
  2426 | D:3      | Killed Kairos's ghost
  2426 | D:3      | Reached skill level 5 in Fighting
  2426 | D:3      | Reached XP level 6. HP: 32/56 MP: 6/6
  3311 | D:3      | Reached skill level 7 in Axes
  3852 | D:3      | HP: 2/57 [acid (9)]
  3919 | D:2      | Splashed by a jelly's acid

Vault maps used:
D:1:      dpeg_arrival_three_same_balls, kennysheep_doodads
D:2:      uniq_terence
D:3:      cheibrodos_fertilizer

Skill      XL: |  1  2  3  4  5  6 |
---------------+-------------------+-----
Throwing       | 2 |  2.0
Fighting       | 3 4 5 6 |  6.0
Axes           | 5 6 7 |  7.3
Dodging        | |  2.5

Action                   |  1- 3 |  4- 6 || total
-------------------------+-------+-------++-------
Melee: War axe           |    81 |   135 ||   216
  Use: Potion            |       |     2 ||     2
       Scroll            |       |     3 ||     3
  Eat: Ration            |       |     3 ||     3
Armor: Leather armour    |    23 |    49 ||    72
Dodge: Dodged            |    58 |    98 ||   156

Table legend:
 A = Spawn XP
 B = Non-spawn XP
 C = Spawn XP percentage of total XP
 D = Spawn monster count
 E = Non-spawn monster count
 F = Spawn count percentage of total count
 G = Total turns spent on level
                    A         B        C        D         E        F      G
               +---------+---------+-------+---------+---------+-------+---------
         Total |       0 |     547 |   0.0 |       0 |      78 |   0.0 |  3919
               +---------+---------+-------+---------+---------+-------+---------
           D:1 |       0 |      39 |   0.0 |       0 |      20 |   0.0 |   872
           D:2 |       0 |     183 |   0.0 |       0 |      27 |   0.0 |  1441
           D:3 |       0 |     325 |   0.0 |       0 |      31 |   0.0 |  1606
               +---------+---------+-------+---------+---------+-------+---------
